 Dungeon Crawl Stone Soup version 0.25-a0-353-ged6d54792d (webtiles) character file.

Game seed: 7021742949781897237, levelgen mode: deterministic

42760 Esekla the Covert (level 14, 0/69 HPs)
             Began as a Vine Stalker Assassin on Jan 1, 2020.
             Was the Champion of Dithmenos.
             Succumbed to a black mamba's poison
             ... on level 5 of the Lair of Beasts.
             The game lasted 02:50:25 (15679 turns).

Esekla the Covert (Vine Stalker Assassin)          Turns: 15679, Time: 02:50:25

Health: 0/69       AC: 13    Str: 23    XL:     14   Next: 21%
Magic:  2/28       EV: 15    Int: 15    God:    Dithmenos [******]
Gold:   1337       SH:  0    Dex: 15    Spells: 17/31 levels left

rFire    + . .     SeeInvis .   J - +6 short sword (elec)
rCold    . . .     Gourm    .   (no shield)
rNeg     . . .     Faith    .   S - +3 leather armour {rF+}
rPois    .         Spirit   +   (helmet restricted)
rElec    +         Reflect  .   v - +2 cloak
rCorr    .         Harm     .   Z - +1 pair of gloves
MR       ++...                  P - +1 pair of boots
Stlth    +++++++++.             R - amulet of magic regeneration
HPRegen  1.01/turn              (no ring)
MPRegen  0.46/turn              a - ring of Hesapuadi {rElec Str+5}

@: lethally poisoned (0 -> -6), about to teleport, wreathed by umbra
A: antennae 1, fangs 3, hooves 1, blurry vision 1, magic resistance 1,
regeneration 2, strong 1, magic shield, antimagic bite, no potion heal 3, rot
immunity
a: Shadow Step, Shadow Form, Renounce Religion


You were on level 5 of the Lair of Beasts.
You worshipped Dithmenos.
Dithmenos was exalted by your worship.
You were not hungry.

You visited 3 branches of the dungeon, and saw 20 of its levels.
You also visited: Gauntlet and Ice Cave.

You collected 1337 gold pieces.

Inventory:

Hand Weapons
 A - a +0 dagger of venom
 E - a +4 falchion of freezing
 J - a +6 short sword of electrocution (weapon)
Missiles
 d - 79 poisoned darts (quivered)
 e - 6 curare-tipped darts
 q - 12 boomerangs
 H - 22 javelins
Armour
 v - a +2 cloak (worn)
 P - a +1 pair of boots (worn)
 S - a +3 leather armour of fire resistance (worn)
 Z - a +1 pair of gloves (worn)
Jewellery
 a - the ring of Hesapuadi (right hand) {rElec Str+5}
   (You found it in a Gauntlet)

   [ring of strength]

   It affects your strength (+5).
   It insulates you from electricity.
 g - a +2 ring of evasion
 h - an uncursed ring of wizardry
 l - an uncursed ring of ice
 t - the ring of the Little Devil {-Tele MR++ MP+9 Int+4 SInv}
   (You took it off a minotaur in a Gauntlet)

   [ring of magical power]

   It affects your intelligence (+4).
   It affects your resistance to hostile enchantments.
   It affects your magic capacity (+9).
   It lets you see invisible.
   It prevents most forms of teleportation.
 u - an uncursed amulet of regeneration {unknown}
 w - an uncursed ring of ice
 F - an uncursed ring of protection from fire
 L - an uncursed ring of positive energy
 R - an amulet of magic regeneration (around neck)
 U - an uncursed ring of flight
 Y - an uncursed ring of see invisible
Wands
 m - a wand of iceblast (17)
 n - a wand of flame (26)
 r - a wand of acid (24)
 x - a wand of polymorph (27)
 B - a wand of paralysis (8)
 K - a wand of disintegration (11)
 X - a wand of digging (8)
Scrolls
 b - 5 scrolls of enchant armour
 k - a scroll of fog
 y - a scroll of holy word
 C - 2 scrolls of silence
 D - a scroll of teleportation
 G - a scroll of magic mapping
 I - 4 scrolls of remove curse
 N - a scroll of amnesia
 O - 3 scrolls of identify
 V - 2 scrolls of immolation
 W - 2 scrolls of fear
Potions
 c - 2 potions of curing
 i - 2 potions of might
 j - 2 potions of ambrosia
 o - 4 potions of flight
 p - 4 potions of brilliance
 s - 3 potions of haste
 z - a potion of cancellation
 T - 5 potions of agility
Miscellaneous
 Q - a lightning rod (4/4)
Comestibles
 f - 27 rations


   Skills:
 + Level 5.8 Fighting
 + Level 9.2 Short Blades
 + Level 5.1 Throwing
 + Level 2.8 Armour
 + Level 6.1 Dodging
 + Level 12.5 Stealth
 * Level 9.0 Spellcasting
 * Level 3.3 Conjurations
 + Level 6.3 Summonings
 * Level 3.9 Translocations
 * Level 3.5 Transmutations
 * Level 3.4 Fire Magic
 * Level 6.7 Air Magic
 * Level 3.3 Earth Magic
 * Level 3.3 Poison Magic
 * Level 6.1 Evocations


You had 17 spell levels left.
You knew the following spells:

 Your Spells              Type           Power        Failure   Level  Hunger
b - Blink                 Tloc           N/A          3%          2    None
c - Mephitic Cloud        Conj/Pois/Air  ###.....     6%          3    #......
f - Conjure Flame         Conj/Fire      ###.....     10%         3    #......
l - Summon Lightning Spi  Summ/Air       ####....     9%          4    ###....
p - Passwall              Tmut/Erth      ###.....     4%          2    None

Your spell library contained the following spells:

 Spells                   Type           Power        Failure   Level  Hunger
 Summon Butterflies       Summ           ####....     1%          1    None
 Summon Small Mammal      Summ           ####         1%          1    None
 Call Imp                 Summ           ####....     1%          2    None
 Call Canine Familiar     Summ           ####....     2%          3    #......
 Beastly Appendage        Tmut           ###...       3%          1    None
 Magic Dart               Conj           ###.         3%          1    None
 Sandblast                Erth           ###...       3%          1    None
 Sticks to Snakes         Tmut           ###.....     4%          2    None
 Recall                   Summ/Tloc      N/A          4%          3    #......
 Spider Form              Tmut/Pois      ###.......   9%          3    #......
 Stone Arrow              Conj/Erth      ###...       10%         3    #......
 Summon Guardian Golem    Hex/Summ       ###.....     11%         3    #......
 Corona                   Hex            #......      12%         1    None
 Slow                     Hex            #.......     19%         2    None
 Petrify                  Tmut/Erth      ###.....     30%         4    ###....
 Summon Ice Beast         Ice/Summ       ###.....     34%         4    ###....
 Spectral Weapon          Hex/Chrm       #.......     36%         3    #......
 Tukima's Dance           Hex            #.......     36%         3    #......
 Ice Form                 Ice/Tmut       ##......     52%         4    ###....
 Hailstorm                Conj/Ice       ##......     54%         4    ###....
 Blade Hands              Tmut           ###.......   63%         5    #####..
 Lee's Rapid Deconstruct  Erth           ###.......   65%         5    #####..
 Summon Mana Viper        Hex/Summ       ###.....     67%         5    #####..
 Animate Dead             Necr           N/A          77%         4    ###....
 Borgnjor's Vile Clutch   Necr/Erth      ##........   86%         5    #####..
 Yara's Violent Unravell  Hex/Tmut       ##........   86%         5    #####..
 Metabolic Englaciation   Hex/Ice        #.........   98%         5    #####..
 Freezing Cloud           Conj/Ice/Air   ###.......   99%         6    ######.
 Death Channel            Necr           #.........   100%        6    ######.
 Ozocubu's Refrigeration  Ice            #.........   100%        6    ######.
 Simulacrum               Ice/Necr       #.........   100%        6    ######.
 Summon Hydra             Summ           ####......   100%        7    #######


Dungeon Overview and Level Annotations

Branches:
Dungeon (13/15)            Temple (1/1) D:6            Lair (6/6) D:9
 Shoals (0/4) Lair:3       Spider (0/4) Lair:3          Orc (0/2) D:12
  IceCv (visited)         Gauntlet (visited)
  Slime: Lair:5-6    Vaults: D:13-14

Altars:
Ashenzari
Cheibriados
Dithmenos
Elyvilon
Fedhas
Gozag
Hepliaklqana
Kikubaaqudgha
Makhleb
Okawaru
Qazlal
Ru
Sif Muna
Trog
Uskayaw
Vehumet
Wu Jian
Xom
Yredelemnul
Zin

Shops:
D:11 (

Annotations:
D:5 Sigmund
D:12 Urug
D:13 Erolcha


Innate Abilities, Weirdness & Mutations

You have razor-sharp teeth.
You heal very quickly.
When hurt, damage is shared between your health and your magic reserves.
Your bite disrupts and absorbs the magic of your enemies.
Potions cannot restore your health.
You are immune to rotting.
You have a pair of small antennae on your head.
You have large cloven feet.
Scrolls take you a little longer to read.
You are resistant to hostile enchantments. (MR+)
Your muscles are strong. (Str +2)


Message History

The black mamba poisons you! The black mamba completely misses you.
The eight-headed hydra closely misses you. x2
The eight-headed hydra bites you.
* * * LOW HITPOINT WARNING * * *
The eight-headed hydra bites you!
* * * LOW HITPOINT WARNING * * *
The eight-headed hydra bites you.
* * * LOW HITPOINT WARNING * * *
The eight-headed hydra completely misses you.
The eight-headed hydra bites you but does no damage.
The eight-headed hydra bites you.
* * * LOW HITPOINT WARNING * * *
As you read the scroll of teleportation, it crumbles to dust.
You feel strangely unstable.
* * * LOW HITPOINT WARNING * * *
You feel sick.
The black mamba bites you but does no damage.
The black mamba bites you.
* * * LOW HITPOINT WARNING * * *
You die...

..........
............(.
............... .....#..
...... ....#.# [.....
.....## ......# ......#
.......## ......#
........# .
#.....##.###....@# ##...
#P.........P...S.#.P....
................D.......
............[...........
................#.....$.
...............D ...F...
................ ...P...
...........$.... .......
......P.....P... ......#


You could see an eight-headed hydra, a seven-headed hydra, a black mamba and a
spiny frog (wandering).

Vanquished Creatures
  Kirke (Lair:4)
  Josephine (D:10)
  An ettin (D:13)
  A fire dragon (D:13)
  2 hydras
  A catoblepas (Lair:6)
  A two-headed ogre (D:11)
  A death drake (Gauntlet)
  An unseen horror (D:10)
  Pikel (D:6)
  A deep elf archer (D:13)
  A wolf spider zombie (Gauntlet)
  A deep elf mage (D:13)
  4 ugly things
  A manticore (D:13)
  A spectral centaur (Gauntlet)
  An ice statue (IceCv)
  4 spiny frogs
  7 black mambas
  A gargoyle (D:10)
  A rime drake (Lair:2)
  5 komodo dragons
  2 ice devils (Lair:2)
  A redback zombie (D:13)
  3 hornets (D:8)
  2 polar bears (Lair:6)
  3 slime creatures (D:12)
  A spectral meliai (Gauntlet)
  2 raiju (Gauntlet)
  5 hippogriffs
  5 dream sheep (Lair:6)
  12 blink frogs
  A wyvern (D:13)
  A shadow (D:11)
  30 yaks
  A hog (Lair:4)
  A steam dragon (D:11)
  5 wraiths
  2 hungry ghosts
  A vampire mosquito (D:13)
  11 soldier ants
  Duvessa (D:4)
  4 water moccasins
  9 porcupines
  An orc warrior (D:6)
  6 ice beasts
  7 ogres
  3 sky beasts
  A slave (D:6)
  7 wolves
  6 black bears
  A necrophage (D:12)
  7 centaurs
  8 crocodiles
  A big kobold (D:9)
  12 bullfrogs
  Dowan (D:4)
  A water moccasin skeleton (D:10)
  2 scorpions (D:7)
  18 killer bees
  11 wights
  2 howler monkeys (D:9)
  An electric eel (Lair:3)
  2 centaur zombies
  2 crimson imps
  A quasit (D:13)
  A bullfrog zombie (D:11)
  4 centaur skeletons
  7 hounds
  3 orc priests
  Crazy Yiuf (D:6)
  3 bullfrog skeletons
  2 orc wizards
  Jessica (D:3)
  Terence (D:3)
  27 worker ants
  9 iguanas
  2 lightning spires (Gauntlet)
  A hound zombie (D:8)
  A worker ant zombie (D:8)
  4 gnolls (D:4)
  2 howler monkey skeletons
  9 adders
  3 shadow imps
  2 oozes
  An adder zombie (D:10)
  3 adder skeletons
  3 worms
  A dart slug (D:3)
  4 leopard geckos
  26 orcs
  7 bats
  7 giant cockroaches
  6 goblins
  6 hobgoblins
  7 jackals
  5 quokkas
  A ball python (D:7)
  6 frilled lizards
  13 kobolds
  4 rats
426 creatures vanquished.

Vanquished Creatures (collateral kills)
  A minotaur (Gauntlet)
  A two-headed ogre (D:11)
  A queen ant (D:11)
  A black mamba (Lair:4)
  2 ice statues (IceCv)
  A dream sheep (Lair:6)
  5 yaks
  A wraith (D:10)
  A basilisk (D:13)
  A hungry ghost (D:11)
  2 soldier ants (D:11)
  An orc warrior (D:10)
  An ice beast (IceCv)
  A big kobold (D:11)
  2 killer bees (D:10)
  4 wights
  A crimson imp (D:11)
  7 worker ants (D:11)
  A shadow imp (D:13)
  A fungus (Lair:4)
36 creatures vanquished.

Vanquished Creatures (others)
  3 humans (Lair:4)
  A yak (D:11)
  A soldier ant (D:11)
  2 slaves (D:6)
  A bullfrog (Lair:4)
  A jelly (D:6)
  An iguana (D:6)
  2 worker ants (D:11)
  A worker ant zombie (D:4)
  3 orcs (D:6)
  A frilled lizard (D:4)
  4 fungi
  3 plants
24 creatures vanquished.

Grand Total: 486 creatures vanquished

Notes
Turn   | Place    | Note
-------+----------+-------------------------------------------
     0 | D:1      | Esekla the Vine Stalker Assassin began the quest for the
                  | Orb.
     0 | D:1      | Reached XP level 1. HP: 11/11 MP: 2/2
    96 | D:1      | Reached skill level 5 in Stealth
   136 | D:1      | Reached XP level 2. HP: 10/15 MP: 1/3
   480 | D:2      | Reached XP level 3. HP: 18/18 MP: 5/5
   978 | D:3      | Reached skill level 1 in Dodging
   978 | D:3      | Reached skill level 1 in Spellcasting
   978 | D:3      | Gained mutation: Your natural rate of healing is unusually
                  | fast. [Vine Stalker growth]
   978 | D:3      | Reached XP level 4. HP: 15/23 MP: 4/6
  1008 | D:3      | Found an iron altar of Okawaru.
  1021 | D:3      | Reached skill level 6 in Stealth
  1398 | D:4      | Reached XP level 5. HP: 25/26 MP: 6/8
  1556 | D:3      | Noticed Jessica
  1564 | D:3      | Killed Jessica
  1577 | D:3      | Noticed Terence
  1582 | D:3      | Killed Terence
  1582 | D:3      | Reached XP level 6. HP: 30/30 MP: 10/10
  2503 | D:4      | Found a stormy altar of Qazlal.
  3014 | D:4      | Noticed Duvessa
  3014 | D:4      | Noticed Dowan
  3027 | D:4      | Killed Duvessa
  3027 | D:4      | Reached skill level 7 in Stealth
  3027 | D:4      | Reached XP level 7. HP: 19/35 MP: 7/12
  3035 | D:4      | Killed Dowan
  3180 | D:5      | Entered Level 5 of the Dungeon
  3305 | D:5      | Noticed Sigmund
  3397 | D:6      | Noticed Pikel
  3451 | D:6      | Killed Pikel
  3451 | D:6      | Gained mutation: You have razor-sharp teeth. [Vine Stalker
                  | growth]
  3451 | D:6      | Reached XP level 8. HP: 21/40 MP: 12/15
  3503 | D:6      | Reached skill level 5 in Short Blades
  3548 | D:6      | Reached skill level 8 in Stealth
  3552 | D:6      | Found a runed translucent door.
  3553 | D:6      | Noticed Crazy Yiuf
  3562 | D:6      | Killed Crazy Yiuf
  3753 | D:7      | Reached XP level 9. HP: 28/44 MP: 10/16
  4057 | D:6      | Found a staircase to the Ecumenical Temple.
  4064 | Temple   | Entered the Ecumenical Temple
  4127 | Temple   | Became a worshipper of Dithmenos the Shadowed
  4193 | D:6      | Reached skill level 5 in Spellcasting
  4395 | D:6      | Found a shimmering blue altar of Sif Muna.
  4397 | D:6      | Found a hazy altar of Hepliaklqana.
  4399 | D:6      | Found an opulent altar of Gozag.
  4845 | D:7      | Learned a level 4 spell: Summon Lightning Spire
  5130 | D:7      | Reached skill level 9 in Stealth
  5346 | D:8      | Noticed a hornet
  5346 | D:8      | Noticed a hornet
  5347 | D:8      | Noticed a hornet
  5349 | D:8      | Killed a hornet
  5349 | D:8      | Reached skill level 1 in Summonings
  5349 | D:8      | Reached skill level 1 in Air Magic
  5350 | D:8      | Killed a hornet
  5350 | D:8      | Reached * piety under Dithmenos
  5350 | D:8      | Reached skill level 1 in Evocations
  5350 | D:8      | Reached XP level 10. HP: 50/50 MP: 19/19
  5819 | D:8      | Found a hide-covered altar of Uskayaw.
  5938 | D:9      | Found a staircase to the Lair.
  6073 | D:9      | Reached ** piety under Dithmenos
  6170 | D:9      | Reached skill level 5 in Dodging
  6170 | D:9      | Reached skill level 10 in Stealth
  6339 | D:9      | You fall into a shaft and drop 3 floors!
  6567 | D:12     | Found a staircase to the Orcish Mines.
  6656 | D:13     | Reached XP level 11. HP: 44/54 MP: 16/21
  6679 | D:13     | Noticed a fire dragon
  6803 | D:13     | Killed a fire dragon
  6803 | D:13     | Reached skill level 5 in Fighting
  6849 | D:13     | Noticed a deep elf mage
  6853 | D:13     | Noticed a deep elf archer
  6853 | D:13     | Noticed a cyan ugly thing
  6855 | D:13     | Killed a cyan ugly thing
  6856 | D:13     | Killed a deep elf archer
  6893 | D:13     | Noticed a manticore
  6897 | D:13     | Killed a manticore
  6912 | D:13     | Killed a deep elf mage
  7354 | D:11     | Reached *** piety under Dithmenos
  7400 | D:11     | Noticed a two-headed ogre
  7439 | D:11     | Killed a two-headed ogre
  7676 | D:13     | Noticed a green ugly thing
  7688 | D:13     | Killed a green ugly thing
  7688 | D:13     | Reached skill level 1 in Armour
  7738 | D:13     | Noticed an ettin
  7745 | D:13     | Killed an ettin
  7760 | D:13     | Noticed Erolcha
  7795 | D:13     | Reached skill level 5 in Summonings
  7834 | D:13     | Noticed a centaur warrior
  7834 | D:13     | Noticed a two-headed ogre
  7999 | D:12     | Noticed Urug
  8089 | D:11     | Gained mutation: You heal very quickly. [Vine Stalker
                  | growth]
  8089 | D:11     | Reached XP level 12. HP: 60/60 MP: 24/24
  8237 | D:11     | Noticed a queen ant
  8326 | D:11     | Reached **** piety under Dithmenos
  8426 | D:11     | Killed a queen ant
  8426 | D:11     | Reached skill level 5 in Air Magic
  8511 | D:11     | Reached skill level 11 in Stealth
  8619 | D:11     | Found Axzakie's Weapon Emporium.
  8703 | D:10     | Entered Level 10 of the Dungeon
  9210 | D:10     | Learned a level 2 spell: Passwall
  9264 | D:10     | Noticed Josephine
  9275 | D:10     | Reached ***** piety under Dithmenos
  9284 | D:10     | Killed Josephine
  9677 | D:11     | Gained mutation: You evolve. [potion of mutation]
  9677 | D:11     | Gained mutation: Your magical capacity is low. (-10% MP)
                  | [potion of mutation]
  9677 | D:11     | Gained mutation: You have sharp fingernails. [potion of
                  | mutation]
  9933 | D:11     | Noticed a two-headed ogre
  9945 | D:11     | Killed a two-headed ogre
 10086 | D:11     | Reached skill level 5 in Evocations
 10244 | D:9      | Learned a level 3 spell: Conjure Flame
 10247 | D:9      | Learned a level 2 spell: Blink
 10251 | D:9      | Learned a level 3 spell: Mephitic Cloud
 10364 | Lair:1   | Entered Level 1 of the Lair of Beasts
 10418 | Lair:1   | Reached skill level 1 in Transmutations
 10476 | Lair:1   | Gained mutation: Your muscles are strong. (Str +2)
                  | [evolution]
 10631 | Lair:1   | Reached skill level 1 in Earth Magic
 10702 | Lair:1   | Reached skill level 5 in Throwing
 11057 | Lair:1   | Reached skill level 1 in Fire Magic
 11170 | Lair:1   | Reached skill level 1 in Translocations
 11170 | Lair:1   | Reached XP level 13. HP: 64/64 MP: 23/23
 11327 | Lair:2   | Reached skill level 1 in Poison Magic
 11411 | Lair:2   | Found a frozen archway.
 11452 | IceCv    | Entered an ice cave
 11707 | IceCv    | Reached skill level 1 in Conjurations
 12519 | Lair:2   | Gained mutation: You expend magic power (3 MP) to
                  | strengthen your wands. [evolution]
 13107 | Lair:3   | Found a staircase to the Shoals.
 13174 | Lair:3   | Reached skill level 12 in Stealth
 13420 | Lair:3   | Found a hole to the Spider Nest.
 13644 | Lair:4   | Noticed Kirke
 13657 | Lair:4   | Killed Kirke
 13780 | Lair:4   | Found a gate leading to a gauntlet.
 13812 | Gauntlet | Entered a Gauntlet
 13812 | Gauntlet | Found a transporter.
 13812 | Gauntlet | Found a transporter.
 13812 | Gauntlet | Found a transporter.
 13812 | Gauntlet | Found a transporter.
 13816 | Gauntlet | Found a transporter.
 13879 | Gauntlet | Found a transporter.
 13899 | Gauntlet | Found a transporter.
 13905 | Gauntlet | Found a transporter.
 13913 | Gauntlet | Found a transporter.
 13930 | Gauntlet | Found a transporter.
 13938 | Gauntlet | Found a transporter.
 13955 | Gauntlet | Found a transporter.
 14058 | Gauntlet | Lost mutation: You expend magic power (3 MP) to strengthen
                  | your wands. [potion of mutation]
 14058 | Gauntlet | Lost mutation: You have sharp fingernails. [potion of
                  | mutation]
 14058 | Gauntlet | Lost mutation: You evolve. [potion of mutation]
 14058 | Gauntlet | Lost mutation: Your muscles are strong. (Str +2) [potion of
                  | mutation]
 14058 | Gauntlet | Gained mutation: Your magical capacity is very low. (-20%
                  | MP) [potion of mutation]
 14058 | Gauntlet | Gained mutation: Your movements are slightly less
                  | encumbered by armour. (ER -2) [potion of mutation]
 14059 | Gauntlet | Lost mutation: Your magical capacity is very low. (-20% MP)
                  | [potion of mutation]
 14059 | Gauntlet | Lost mutation: Your magical capacity is low. (-10% MP)
                  | [potion of mutation]
 14059 | Gauntlet | Lost mutation: Your movements are slightly less encumbered
                  | by armour. (ER -2) [potion of mutation]
 14059 | Gauntlet | Gained mutation: Armour fits poorly on your strangely
                  | shaped body. [potion of mutation]
 14059 | Gauntlet | Gained mutation: You have a pair of small antennae on your
                  | head. [potion of mutation]
 14059 | Gauntlet | Gained mutation: You are partially covered in icy blue
                  | scales. (AC +2) [potion of mutation]
 14060 | Gauntlet | Lost mutation: Armour fits poorly on your strangely shaped
                  | body. [potion of mutation]
 14060 | Gauntlet | Lost mutation: You are partially covered in icy blue
                  | scales. (AC +2) [potion of mutation]
 14060 | Gauntlet | Gained mutation: You are resistant to hostile enchantments.
                  | (MR+) [potion of mutation]
 14060 | Gauntlet | Gained mutation: Scrolls take you a little longer to read.
                  | [potion of mutation]
 14060 | Gauntlet | Gained mutation: You have large cloven feet. [potion of
                  | mutation]
 14060 | Gauntlet | Gained mutation: Your muscles are strong. (Str +2) [potion
                  | of mutation]
 14091 | Gauntlet | Got a crude brass ring
 14094 | Gauntlet | Identified the ring of Hesapuadi {rElec Str+5} (You found
                  | it in a Gauntlet)
 14139 | Gauntlet | Got a pair of crude boots
 14142 | Gauntlet | Identified the +1 pair of boots "Ykhadeg" {-Cast Int+9
                  | Dex-5 Stlth+} (You found it in a Gauntlet)
 14153 | Gauntlet | Identified the ring of the Little Devil {-Tele MR++ MP+9
                  | Int+4 SInv}
 14153 | Gauntlet | Noticed a minotaur
 14168 | Gauntlet | Killed a minotaur
 14185 | Gauntlet | Identified the Almanac of the Ensnaring Glacier
 14482 | Lair:4   | Got a dull robe
 14502 | Lair:4   | Reached ****** piety under Dithmenos
 14517 | Lair:4   | Reached XP level 14. HP: 69/69 MP: 27/27
 14632 | Lair:3   | Identified the +1 robe of Syndicalism {Int-5 Dex+4 Stlth+}
                  | (You found it on level 4 of the Lair of Beasts)
 15395 | Lair:5   | You fall into a shaft and drop 1 floor!
 15395 | Lair:6   | Entered Level 6 of the Lair of Beasts
 15678 | Lair:5   | HP: 2/69 [black mamba (2)]
 15679 | Lair:5   | Succumbed to a black mamba's poison

Levels and vault maps discovered:
D:1:      lightli_arrival_quake, layout_rooms, minmay_tetromino_s4
D:2:      layout_loops_ring, hex_tiny, kennysheep_boxes
D:3:      layout_loops_ring, nicolae_overflow_crystal_walls, serial_bayou,
          serial_bayou_lagoon_a, serial_bayou_shore_a, serial_bayou_ford_a,
          serial_bayou_pond_a, st_stairs_1, uniq_jessica, uniq_terence
D:4:      layout_basic, grunt_qazlal_clouds, first_ration, minmay_unequal,
          uniq_duvessa
D:5:      layout_loops_ring, uniq_sigmund
D:6:      layout_cave_pools, minitemple, minmay_temple_entry_nine_rooms,
          uniq_pikel, uniq_crazy_yiuf_cottage
D:7:      layout_gridville
D:8:      layout_cave_pools, kennysheep_little_box,
          hangedman_abyss_or_decor_stabs, hangedman_pestilent_swarm
D:9:      layout_rooms, minmay_lair_entry_grove
D:10:     layout_loops_ring, uniq_josephine
D:11:     layout_loops_ring, serial_shops, nicolae_shop_crystal, zaba_anthell
D:12:     layout_roguey, orc_0_dummy, uniq_urug
D:13:     minmay_the_grid_4x2 [minmay_the_grid_stretched_grid,
          minmay_the_grid_spikes, minmay_the_grid_minigrid_large,
          minmay_the_grid_dragon_b, minmay_the_grid_square_x,
          minmay_the_grid_large_cup, minmay_the_grid_eight,
          minmay_the_grid_prize_four_corners_diamond_a], layout_irregular_city,
          kennysheep_four_rooms, uniq_erolcha
Temple:   eino_temple_rhombus
Lair:1:   layout_concentric_octagons, minmay_stone_trees_medium,
          grunt_megastairs_4
Lair:2:   beast_lair_carwin_large_3, layout_layer_cave,
          portal_ice_cave_demonic_guard, lemuel_fruit_tree
Lair:3:   layout_concentric_octagons, elwin_shoals_entry_rooms,
          dummy_spider_entry, st_stairs_7, chequers_serial_rivers_large_b,
          serial_bayou_pond_e
Lair:4:   layout_small_grid, gauntlet_entry_generic, uniq_kirke
Lair:5:   minmay_lair_oklob_tunnel, layout_hall_layers, slime_altar_1
Lair:6:   grunt_lair_end_beastmaster, layout_cave_pods, grunt_megastairs_2

Skill      XL: |  1  2  3  4  5  6  7  8  9 10 11 12 13 14 |
---------------+-------------------------------------------+-----
Stealth        | 5 6 7 8 9 10 11 12 | 12.5
Fighting       | 2 3 4 5 |  5.8
Throwing       | 2 3 4 5 |  5.1
Short Blades   | 2 3 4 5 6 7 8 9 |  9.2
Dodging        | 1 3 4 5 6 |  6.1
Spellcasting   | 1 2 4 5 6 7 8 9 |  9.0
Summonings     | 1 3 5 6 |  6.3
Air Magic      | 1 3 4 5 6 |  6.7
Evocations     | 1 2 4 5 6 |  6.1
Armour         | 1 2 |  2.8
Transmutations | 1 3 |  3.5
Earth Magic    | 1 2 3 |  3.3
Fire Magic     | 1 3 |  3.4
Translocations | 1 3 |  3.9
Poison Magic   | 2 3 |  3.3
Conjurations   | 3 |  3.3

Action                   |  1- 3 |  4- 6 |  7- 9 | 10-12 | 13-15 || total
-------------------------+-------+-------+-------+-------+-------++-------
Melee: Dagger            |    86 |   184 |   360 |    54 |       ||   684
       Bite              |    24 |    62 |   105 |   314 |   169 ||   674
       Short sword       |       |       |       |   865 |   421 ||  1286
Throw: Dart              |     6 |    10 |    20 |   107 |    30 ||   173
       Boomerang         |       |       |       |     1 |       ||     1
 Cast: Summon Lightning  |       |       |       |    29 |    22 ||    51
       Conjure Flame     |       |       |       |     1 |     5 ||     6
       Mephitic Cloud    |       |       |       |       |     5 ||     5
Evoke: Wand              |       |       |       |     4 |     2 ||     6
       Lightning rod     |       |       |       |       |     1 ||     1
  Use: Scroll            |       |       |    10 |    11 |    20 ||    41
       Potion            |       |       |     2 |     3 |     6 ||    11
 Stab: Sleeping          |     4 |    12 |    16 |    37 |    17 ||    86
       Distracted        |       |       |       |    14 |     9 ||    23
       Confused          |       |       |       |       |     1 ||     1
  Eat: Chunk             |       |     6 |     8 |    12 |     8 ||    34
       Ration            |       |       |       |     5 |     3 ||     8
Armor: Robe              |    11 |    18 |    40 |    36 |       ||   105
       Skin              |       |       |     4 |       |       ||     4
       Leather armour    |       |       |       |   102 |    73 ||   175
Dodge: Dodged            |    41 |    88 |   200 |   660 |   212 ||  1201

Table legend:
 A = Non-vault XP
 B = Vault XP
 C = Vault XP percentage of total XP
 D = Non-vault monster count
 E = Vault monster count
 F = Vault count percentage of total count
                 A         B        C        D         E       F
            +---------+---------+-------+---------+---------+-------
      Total |   35248 |   25838 |  42.3 |     331 |     130 |  28.2
            +---------+---------+-------+---------+---------+-------
        D:1 |      25 |       0 |   0.0 |      11 |       0 |   0.0
        D:2 |      23 |       0 |   0.0 |      13 |       0 |   0.0
        D:3 |     106 |      78 |  42.4 |      27 |       4 |  12.9
        D:4 |     314 |     276 |  46.8 |      21 |       6 |  22.2
        D:5 |     125 |       0 |   0.0 |       1 |       0 |   0.0
        D:6 |    1210 |     681 |  36.0 |      26 |       2 |   7.1
        D:7 |    1388 |       0 |   0.0 |      23 |       0 |   0.0
        D:8 |     756 |     985 |  56.6 |      13 |       4 |  23.5
        D:9 |     723 |    1684 |  70.0 |      22 |      13 |  37.1
       D:10 |    2852 |    1711 |  37.5 |      33 |       6 |  15.4
       D:11 |    4065 |    2925 |  41.8 |      30 |      41 |  57.7
       D:12 |    1980 |       0 |   0.0 |      18 |       0 |   0.0
       D:13 |    2142 |    4858 |  69.4 |       8 |      12 |  60.0
     Lair:1 |    2926 |     397 |  11.9 |      20 |       3 |  13.0
     Lair:2 |    4599 |    2745 |  37.4 |      20 |      14 |  41.2
     Lair:3 |    3479 |       0 |   0.0 |      12 |       0 |   0.0
     Lair:4 |    3689 |    2363 |  39.0 |      17 |       2 |  10.5
     Lair:5 |    1374 |       0 |   0.0 |       4 |       0 |   0.0
     Lair:6 |    3472 |     576 |  14.2 |      12 |       2 |  14.3
      IceCv |       0 |    2674 | 100.0 |       0 |      11 | 100.0
   Gauntlet |       0 |    3885 | 100.0 |       0 |      10 | 100.0
            +---------+---------+-------+---------+---------+-------
